 Dungeon Crawl Stone Soup version 0.18.1-50-g88ac8fd (webtiles) character file.

134608 inmateoo the Severer (level 17, -4/122 HPs)
             Began as a Tengu Warper on Oct 17, 2016.
             Was the Champion of the Shining One.
             Killed from afar by a shock serpent (6 damage)
             ... with a bolt of electricity
             ... on level 1 of the Snake Pit.
             The game lasted 01:00:24 (36358 turns).

inmateoo the Severer (Tengu Warper)                Turns: 36358, Time: 01:00:26

Health: -4/122     AC: 17    Str: 17    XL:     17   Next: 17%
Magic:  26/26      EV: 24    Int: 14    God:    the Shining One [******]
Gold:   897        SH:  9    Dex: 15    Spells: 6 memorised, 5 levels left

rFire  + + +     SeeInvis .     E - +2 broad axe (elec)
rCold  + + .     Gourm    .     u - +1 scale mail {rC+}
rNeg   + + +     Faith    +     c - +2 buckler {rF+}
rPois  +         Spirit   .     (helmet restricted)
rElec  +         Dismiss  .     w - +2 cloak {rPois}
rCorr  +         Reflect  .     k - +2 pair of gloves
SustAt .         Harm     .     (boots unavailable)
MR     +....     Clarity  +     H - amulet of faith
Stlth  ..........               K - ring of protection from fire
                                x - +4 ring of evasion

@: resistant, flying quickly and evasively, very slightly contaminated, glowing,
quick, somewhat resistant to hostile enchantments, extremely unstealthy
A: beak, talons 3, clarity, fire resistance 1, robust 1, able to fly 2
a: Stop Flying, Divine Shield, Cleansing Flame, Summon Divine Warrior, Renounce
Religion


You were on level 1 of the Snake Pit.
You worshipped the Shining One.
The Shining One was exalted by your worship.
You were not hungry.

You visited 4 branches of the dungeon, and saw 26 of its levels.
You visited 1 bazaar.
You also visited: Volcano.

You collected 2622 gold pieces.
You spent 1725 gold pieces at shops.

Inventory:

Hand Weapons
 E - a +2 broad axe of electrocution (weapon)
 I - the +8 trident of Blind Justice {pierce, *Confuse rN+ Str+3}
   (You found it on level 7 of the Dungeon)

   It inflicts extra damage upon your enemies.
   It affects your strength (+3).
   It protects you from negative energy.
   It may confuse you when you take damage.
 Q - a +4 broad axe of holy wrath
Missiles
 e - 5 tomahawks of dispersal (quivered)
 p - 25 tomahawks
Armour
 c - a +2 buckler of fire resistance (worn)
 k - a +2 pair of gloves (worn)
 l - a +0 large shield
 u - a +1 scale mail of cold resistance (worn)
 w - a +2 cloak of poison resistance (worn)
 A - a +0 steam dragon armour
Jewellery
 b - an uncursed ring of positive energy {unknown}
 r - an uncursed ring of protection from magic
 x - a +4 ring of evasion (left hand)
 C - an uncursed ring of protection from magic
 H - an amulet of faith (around neck)
 K - a ring of protection from fire (right hand)
 M - an uncursed ring of resist corrosion
Wands
 o - a wand of disintegration (14/24)
 q - a wand of acid (0/15)
 D - a wand of teleportation (3/9)
 G - a wand of digging (15/24)
 S - a wand of disintegration (5/24)
 T - a wand of paralysis (12/24)
 U - a wand of hasting (3/9)
Scrolls
 d - 3 scrolls of blinking
 h - 8 scrolls of teleportation
 s - 4 scrolls of fog
 v - 5 scrolls of identify
 y - 2 scrolls of recharging
 B - 8 scrolls of remove curse
 L - 4 scrolls of amnesia
 O - 3 scrolls of enchant armour
 W - 2 scrolls of magic mapping
Potions
 a - a potion of brilliance
 g - a potion of ambrosia
 i - 11 potions of curing
 j - 2 potions of cancellation
 m - 3 potions of agility
 n - 3 potions of heal wounds
 t - 2 potions of cure mutation
 z - 3 potions of magic
 P - 3 potions of resistance
 R - 4 potions of lignification
Miscellaneous
 Y - a phial of floods (inert)
Comestibles
 f - 5 bread rations
 F - 12 meat rations
 N - 21 royal jellies


   Skills:
 + Level 14.0 Fighting
 * Level 16.4 Axes
 - Level 1.0 Throwing
 - Level 12.0 Armour
 - Level 12.0 Dodging
 - Level 10.0 Shields
 + Level 3.3 Spellcasting
 + Level 3.5 Translocations
 + Level 11.4 Invocations


You had 5 spell levels left.
You knew the following spells:

 Your Spells              Type           Power        Failure   Level  Hunger
a - Apportation           Tloc           ##........   14%         1    #......
b - Blink                 Tloc           N/A          21%         2    ##.....
c - Shroud of Golubria    Chrm/Tloc      #.........   38%         2    ##.....
d - Passage of Golubria   Tloc           N/A          96%         4    #####..
e - Passwall              Trmt/Erth      #.........   85%         2    ##.....
f - Deflect Missiles      Chrm/Air       #.........   100%        6    #######


Dungeon Overview and Level Annotations

Branches:
Dungeon (15/15)            Temple (0/1) D:5            Lair (8/8) D:11
 Shoals (0/4) Lair:4        Snake (1/4) Lair:3        Slime (0/6) Lair:7
    Orc (2/2) D:10            Elf (0/3) Orc:2        Vaults (0/5) D:13
 Depths: D:15

Altars:
Ashenzari
Cheibriados
Dithmenos
Fedhas
Gozag
Makhleb
Pakellas
Ru
Sif Muna
Trog
Vehumet
Yredelemnul
Zin
The Shining One
Beogh

Shops:
D:6 [   D:7 }   D:9 %   D:10 (   D:12 !%(   D:14 *   Orc:2 *%}(

Portals:
Trove: D:12 (give wand of hasting (9))


Innate Abilities, Weirdness & Mutations

You have a beak for a mouth.
You have claws for feet.
You can fly continuously.
You possess an exceptional clarity of mind.
Your flesh is heat resistant.
You are robust (+10% HP).


Message History

The shock serpent is almost dead.
The shock serpent's electric aura discharges, shocking you!
* * * LOW HITPOINT WARNING * * *
The shock serpent bites you!
* * * LOW HITPOINT WARNING * * *
The shock serpent shocks you. You resist.
* * * LOW HITPOINT WARNING * * *
The naga completely misses you.
Unknown command.
Read which item? (? for menu, Esc to quit)
Blink to where?
Press: ? - help, Dir - move target cursor You are very lightly contaminated with residual magic.
As you read the scroll of blinking, it crumbles to dust.
The shock serpent shoots out a bolt of lightning at you!
The bolt of electricity hits you! You resist.
* * * LOW HITPOINT WARNING * * *
The shock serpent shoots out a bolt of lightning at you!
The bolt of electricity hits you! You resist.
You die...

#..=....#...#.......#
##.....##...##.....##
##...###...###...##
##### #...# #####
##...###...# #...#
##.....##...##.....
#.......#...#......
#..)(..(')).'....(.
#.......#.)@#.....
##.....##...##....
##...###...# #...
##### #...# ### #...
#...# #... ..%..
#...##....
..[...#..N#N....
......S§.NN.....
......#...#....


You could see a shock serpent and 3 nagas.

Vanquished Creatures
  Kirke (Lair:7)
  Frances (D:13)
  A stone giant (Orc:2)
  Azrael (D:14)
  Snorg (D:13)
  Josephine (D:10)
  A fire dragon (D:15)
  A vault guard (D:13)
  Fannar (D:10)
  Harold (D:10)
  7 hydras
  Erolcha (D:8)
  2 catoblepae
  An anaconda (Snake:1)
  4 centaur warriors
  23 death yaks
  4 shock serpents
  9 orc high priests (Orc:2)
  4 naga sharpshooters (Snake:1)
  Sonja (D:13)
  A fire crab (Lair:6)
  A shadow wraith (D:13)
  3 skeletal warriors (D:14)
  A wizard (D:14)
  5 unseen horrors
  2 naga ritualists (Snake:1)
  5 hill giants
  3 lindwurms
  Pikel (D:7)
  2 griffons
  17 ugly things
  A cyclops (D:13)
  An oklob plant (Lair:5)
  3 mana vipers (Snake:1)
  A wolf spider zombie (D:15)
  A deep elf mage (D:14)
  2 molten gargoyles (Volcano)
  A guardian serpent (Snake:1)
  4 naga magi (Snake:1)
  19 black mambas
  An ice statue (D:12)
  13 elephants
  10 spiny frogs
  A rime drake (Lair:5)
  2 kobold demonologists (D:12)
  6 komodo dragons
  A harpy zombie (D:15)
  4 trolls
  A spriggan druid (Lair:8)
  A redback zombie (D:15)
  3 polar bears
  Grinder (D:4)
  2 queen bees
  A two-headed ogre (D:12)
  20 blink frogs
  2 boulder beetles
  A shadow (D:12)
  2 redbacks (Lair:8)
  9 spriggans (Lair:8)
  A water elemental (D:15)
  5 wraiths
  3 vampires
  2 wyverns (D:13)
  4 fire elementals (D:14)
  A hog (Lair:7)
  3 fire bats (Volcano)
  44 yaks
  3 hungry ghosts
  A basilisk (Lair:1)
  2 steam dragons
  A golden eye (shapeshifter) (D:14)
  10 hippogriffs
  Menkaure (D:7)
  2 mottled dragons
  10 nagas
  12 wargs
  2 hell hounds
  13 water moccasins
  Duvessa (D:7)
  12 orc warriors
  18 porcupines
  4 black bears
  6 wasps
  4 sky beasts
  3 necrophages
  An eye of draining (D:10)
  7 ice beasts
  30 wolves
  10 ogres
  4 phantoms
  12 centaurs
  21 crocodiles
  3 big kobolds
  21 giant frogs
  A gnoll sergeant (D:7)
  A wyvern zombie (D:8)
  A water moccasin zombie (D:5)
  6 jellies
  4 scorpions
  Dowan (D:7)
  19 wights
  8 howler monkeys
  59 killer bees
  4 electric eels
  5 crimson imps
  3 centaur zombies
  2 lava snakes (Volcano)
  A giant frog zombie (D:9)
  3 quasits
  10 hounds
  14 orc wizards
  38 orc priests
  4 giant frog skeletons
  7 centaur skeletons
  Crazy Yiuf (D:5)
  7 iguanas
  2 hell rats (Lair:6)
  13 worker ants
  3 killer bee zombies
  29 sheep
  8 gnolls
  15 adders
  A howler monkey skeleton (D:4)
  41 river rats
  6 shadow imps
  6 oozes
  An adder skeleton (D:9)
  A worm (D:3)
  9 dart slugs
  4 giant geckos
  83 orcs
  2 ball pythons
  12 giant cockroaches
  5 goblins
  10 hobgoblins
  16 jackals
  15 kobolds
  2 quokkas (D:3)
  9 bats
  A giant gecko skeleton (D:4)
  2 giant gecko zombies
  6 giant newts
  2 quokka skeletons
  8 rats
  2 bushes (Lair:5)
  6 fungi (Lair:8)
  7 plants
1024 creatures vanquished.

Vanquished Creatures (collateral kills)
  Asterion (Lair:3)
  Agnes (Lair:3)
  A death yak (Lair:8)
  An iron troll (D:13)
  5 ugly things (D:15)
  2 yaks
11 creatures vanquished.

Vanquished Creatures (others)
  A naga warrior (Snake:1)
  A human (Lair:7)
  A wight (D:15)
  2 river rats (Lair:7)
  16 fungi
  29 plants
50 creatures vanquished.

Grand Total: 1085 creatures vanquished

Notes
Turn   | Place    | Note
--------------------------------------------------------------
     0 | D:1      | inmateoo the Tengu Warper began the quest for the Orb.
     0 | D:1      | Reached XP level 1. HP: 12/12 MP: 4/4
   142 | D:1      | Reached XP level 2. HP: 11/17 MP: 6/6
   271 | D:1      | Reached skill level 3 in Axes
   841 | D:2      | Reached XP level 3. HP: 12/21 MP: 7/7
   969 | D:1      | Reached skill level 4 in Axes
  1482 | D:2      | Found a glowing golden altar of the Shining One.
  1614 | D:2      | Became a worshipper of the Shining One
  1664 | D:2      | Reached XP level 4. HP: 25/26 MP: 8/8
  1861 | D:2      | Reached skill level 5 in Axes
  2579 | D:3      | Gained mutation: You can fly. [Tengu growth]
  2579 | D:3      | Reached XP level 5. HP: 16/30 MP: 9/9
  3222 | D:3      | Reached skill level 6 in Axes
  3226 | D:3      | Learned a level 2 spell: Blink
  3229 | D:3      | Learned a level 2 spell: Shroud of Golubria
  3272 | D:3      | Noticed a phantom
  3330 | D:4      | Noticed Grinder
  3345 | D:5      | Entered Level 5 of the Dungeon
  3395 | D:5      | Noticed Crazy Yiuf
  3400 | D:5      | Killed Crazy Yiuf
  3479 | D:5      | Reached XP level 6. HP: 24/35 MP: 6/10
  3674 | D:5      | Reached skill level 7 in Axes
  3875 | D:5      | Noticed an ice beast
  3894 | D:5      | Killed an ice beast
  3908 | D:5      | Reached XP level 7. HP: 32/40 MP: 11/11
  4358 | D:5      | Noticed a steam dragon
  4364 | D:5      | Noticed a steam dragon
  4642 | D:3      | Reached * piety under the Shining One
  5160 | D:4      | Found a burning altar of Makhleb.
  5160 | D:4      | Found a radiant altar of Vehumet.
  5239 | D:4      | You fall through a shaft for 2 floors!
  5354 | D:6      | Gained mutation: You can translocate small distances at will. [mutagenic meat]
  5355 | D:6      | Lost mutation: You can translocate small distances at will. [mutagenic meat]
  5356 | D:6      | Gained mutation: Your flesh is heat resistant. [mutagenic meat]
  5357 | D:6      | Gained mutation: You are robust (+10% HP). [mutagenic meat]
  5358 | D:6      | Gained mutation: You possess an exceptional clarity of mind. [mutagenic meat]
  5413 | D:5      | Reached XP level 8. HP: 52/52 MP: 12/12
  5684 | D:6      | Found Zedan's Armour Shop.
  5714 | D:6      | Reached skill level 8 in Axes
  5758 | D:6      | Bought a +0 cloak of poison resistance for 85 gold pieces
  6303 | D:6      | Reached ** piety under the Shining One
  6307 | D:6      | Reached skill level 5 in Dodging
  6568 | D:6      | Found a blossoming altar of Fedhas.
  6569 | D:6      | Found a shadowy altar of Dithmenos.
  6570 | D:6      | Found a deep blue altar of Sif Muna.
  6570 | D:6      | Found a basalt altar of Yredelemnul.
  6570 | D:6      | Found a glowing silver altar of Zin.
  6869 | D:5      | Reached skill level 5 in Fighting
  6869 | D:5      | Reached skill level 5 in Armour
  6869 | D:5      | Reached XP level 9. HP: 59/59 MP: 13/13
  7232 | D:5      | Reached skill level 9 in Axes
  7272 | D:5      | Found a staircase to the Ecumenical Temple.
  7563 | D:5      | Found an oddly glowing altar of Pakellas.
  7843 | D:4      | Killed Grinder
  7847 | D:4      | Found a snail-covered altar of Cheibriados.
  7887 | D:4      | Found a sacrificial altar of Ru.
  8475 | D:6      | Reached skill level 1 in Shields
  8515 | D:7      | Found Ruxoetaf's Gadget Shoppe.
  8563 | D:7      | Found a bloodstained altar of Trog.
  8596 | D:7      | Got a faintly glowing trident
  8597 | D:7      | Identified the +8 trident of Blind Justice {pierce, *Confuse rN+ Str+3} (You found it on level 7 of the Dungeon)
  8750 | D:7      | Noticed Pikel
  8759 | D:7      | Killed Pikel
  8759 | D:7      | Reached XP level 10. HP: 52/67 MP: 14/14
  8760 | D:7      | Found an oddly glowing altar of Pakellas.
  8877 | D:7      | Noticed Dowan
  8881 | D:7      | Killed Dowan
  8882 | D:7      | Noticed Duvessa
  8888 | D:7      | Killed Duvessa
  9017 | D:7      | Noticed Menkaure
  9037 | D:7      | Killed Menkaure
  9262 | D:7      | Reached skill level 10 in Axes
  9326 | D:7      | Learned a level 4 spell: Passage of Golubria
  9655 | D:8      | Reached *** piety under the Shining One
  9822 | D:8      | Identified a scroll of acquirement
  9905 | D:8      | Found a shattered altar of Ashenzari.
  9979 | D:8      | Noticed a green ugly thing
 10013 | D:8      | Killed a green ugly thing
 10137 | D:8      | Noticed Erolcha
 10141 | D:8      | Killed Erolcha
 10412 | D:9      | Found Tilaihau's Food Shop.
 10419 | D:9      | Reached XP level 11. HP: 67/73 MP: 15/15
 10450 | D:9      | Reached **** piety under the Shining One
 10518 | D:9      | Reached skill level 1 in Invocations
 10686 | D:9      | Reached skill level 5 in Shields
 10880 | D:10     | Entered Level 10 of the Dungeon
 10908 | D:10     | Noticed Josephine
 10909 | D:10     | Reached ***** piety under the Shining One
 10929 | D:10     | Killed Josephine
 10974 | D:10     | Found a staircase to the Orcish Mines.
 11017 | D:10     | Reached skill level 11 in Axes
 11506 | D:10     | Noticed a hill giant
 11513 | D:10     | Killed a hill giant
 11518 | D:10     | Noticed Fannar
 11566 | D:10     | Killed Fannar
 11566 | D:10     | Reached XP level 12. HP: 64/82 MP: 16/16
 11898 | D:10     | Noticed Harold
 11929 | D:10     | Killed Harold
 12143 | D:10     | Found Vil Ecef's Weapon Emporium.
 12151 | D:10     | Bought a +0 broad axe for 52 gold pieces
 12655 | D:11     | Found a staircase to the Lair.
 13258 | D:12     | Reached ****** piety under the Shining One
 13293 | D:12     | Reached skill level 10 in Dodging
 13557 | D:12     | Found Guifal's Antique Weapon Boutique.
 13599 | D:12     | Found Seprug's Food Boutique.
 13758 | D:12     | Found Ameimimm's Distillery.
 13769 | D:12     | Bought a potion of magic for 80 gold pieces
 13769 | D:12     | Bought a potion of resistance for 100 gold pieces
 13769 | D:12     | Bought a potion of cancellation for 80 gold pieces
 13769 | D:12     | Bought a potion of curing for 30 gold pieces
 13769 | D:12     | Bought a potion of curing for 30 gold pieces
 13899 | D:12     | Found a portal to a secret trove of treasure.
 13916 | D:12     | Identified the Incunabulum of the Shifting Compass
 13920 | D:12     | Learned a level 2 spell: Passwall
 13940 | D:12     | Found a gateway to a bazaar.
 13956 | D:12     | Reached skill level 12 in Axes
 13956 | D:12     | Reached skill level 10 in Armour
 13960 | Bazaar   | Entered a bazaar
 14049 | Bazaar   | Found Pirphaa's Armour Boutique.
 14049 | Bazaar   | Found Alleruk's Magic Scroll Shop.
 14077 | Bazaar   | Found Meafikh's Book Shop.
 14096 | Bazaar   | Found Talufecei's Gadget Boutique.
 14143 | Bazaar   | Bought a scroll of enchant weapon for 82 gold pieces
 14144 | Bazaar   | Bought a scroll of identify for 22 gold pieces
 14144 | Bazaar   | Bought a scroll of identify for 22 gold pieces
 14144 | Bazaar   | Bought a scroll of enchant armour for 82 gold pieces
 14144 | Bazaar   | Bought a scroll of identify for 22 gold pieces
 14337 | D:8      | Identified a +3 broad axe of holy wrath (a +1 broad axe blessed by the Shining One)
 14337 | D:8      | Received a gift from the Shining One
 14466 | D:12     | Reached skill level 5 in Invocations
 14557 | D:13     | Noticed Snorg
 14679 | D:13     | Killed Snorg
 14679 | D:13     | Reached XP level 13. HP: 50/88 MP: 6/17
 15265 | D:13     | Noticed Frances
 15740 | Lair:1   | Entered Level 1 of the Lair of Beasts
 17570 | Lair:2   | Reached skill level 10 in Fighting
 18261 | Lair:3   | Found a staircase to the Snake Pit.
 19125 | Lair:3   | HP: 1/90 [elephant (14)]
 19130 | Lair:3   | Gained mutation: You can fly continuously. [Tengu growth]
 19130 | Lair:3   | Reached XP level 14. HP: 41/96 MP: 19/19
 19762 | Lair:4   | Found a staircase to the Shoals.
 20437 | Lair:5   | Got a bronze chain mail
 20448 | Lair:5   | Identified the cursed +1 chain mail of the Pure Lies {MP+9} (You found it on level 5 of the Lair of Beasts)
 21316 | Lair:5   | Reached skill level 13 in Axes
 23543 | Lair:7   | Found a staircase to the Slime Pits.
 23628 | Lair:7   | Found a dark tunnel.
 23656 | Volcano  | Entered a volcano
 23793 | Volcano  | Found a radiant altar of Vehumet.
 23802 | Volcano  | Reached skill level 10 in Shields
 24074 | Lair:7   | Reached XP level 15. HP: 98/104 MP: 21/21
 24231 | Lair:7   | Noticed Kirke
 24254 | Lair:7   | Killed Kirke
 24894 | Lair:8   | Entered Level 8 of the Lair of Beasts
 25790 | Lair:8   | Reached skill level 14 in Axes
 27955 | Orc:1    | Entered Level 1 of the Orcish Mines
 28039 | Orc:2    | Entered Level 2 of the Orcish Mines
 28144 | Orc:2    | Found a staircase to the Elven Halls.
 28665 | Orc:2    | Found Nerompuh's Antique Weapon Emporium.
 28665 | Orc:2    | Found Yloliwic's Gadget Boutique.
 28951 | Orc:2    | Found a roughly hewn altar of Beogh.
 28960 | Orc:2    | Found Gufent's General Store.
 28974 | Orc:2    | Found Arazxis's Food Emporium.
 28980 | Orc:2    | Reached XP level 16. HP: 113/113 MP: 24/24
 29407 | Orc:2    | Reached skill level 10 in Invocations
 29903 | Orc:2    | Bought a box of beasts for 240 gold pieces
 29903 | Orc:2    | Bought a scroll of enchant armour for 90 gold pieces
 29903 | Orc:2    | Bought a scroll of teleportation for 36 gold pieces
 30023 | D:7      | Bought a wand of hasting (3/9) for 672 gold pieces
 30355 | D:13     | Noticed Sonja
 30375 | D:13     | Killed Sonja
 30874 | D:13     | Killed Frances
 30874 | D:13     | Reached skill level 15 in Axes
 30938 | D:13     | Found a gate to the Vaults.
 31119 | D:14     | Found an opulent altar of Gozag.
 31160 | D:14     | Noticed Azrael
 31175 | D:14     | Killed Azrael
 31418 | D:15     | Entered Level 15 of the Dungeon
 32214 | D:14     | Found Gozag's Platinum Reserve.
 33618 | Snake:1  | Entered Level 1 of the Snake Pit
 33762 | Snake:1  | Noticed Agnes
 33804 | Lair:3   | Killed Agnes
 34025 | Lair:3   | Learned a level 6 spell: Deflect Missiles
 34257 | Snake:1  | Reached skill level 16 in Axes
 34962 | Snake:1  | Noticed Asterion
 34993 | Lair:3   | Killed Asterion
 35269 | Snake:1  | Reached XP level 17. HP: 73/121 MP: 26/26
 36358 | Snake:1  | HP: 2/122 [shock serpent/bolt of electricity (6)]
 36358 | Snake:1  | Killed from afar by a shock serpent

Skill      XL: |  1  2  3  4  5  6  7  8  9 10 11 12 13 14 15 16 17 |
---------------+----------------------------------------------------+-----
Axes           | 3 4 5 6 7 8 9 10 11 12 13 14 16 | 16.4
Armour         | 2 3 5 6 7 9 10 11 12 | 12.0
Dodging        | 4 5 7 8 9 10 11 12 | 12.0
Fighting       | 3 5 6 7 8 9 10 11 12 13 14 | 14.0
Shields        | 2 4 6 7 8 10 | 10.0
Invocations    | 3 5 6 7 9 11 | 11.4
Translocations | 3 |  3.5
Spellcasting   | 3 |  3.3
Throwing       | |  1.0

Action                   |  1- 3 |  4- 6 |  7- 9 | 10-12 | 13-15 | 16-18 || total
-------------------------+-------+-------+-------+-------+-------+-------++-------
Melee: Hand axe          |   115 |   237 |   503 |       |       |       ||   855
       Peck              |    13 |    45 |    95 |   147 |   406 |   154 ||   860
       Kick              |    17 |    57 |   150 |   189 |   585 |   219 ||  1217
       Trident           |       |       |    17 |   830 |  1503 |    62 ||  2412
       Broad axe         |       |       |       |       |   303 |   597 ||   900
Invok: Summon Divine War |       |       |       |     1 |     1 |     3 ||     5
       Brand Weapon With |       |       |       |     1 |       |       ||     1
       Cleansing Flame   |       |       |       |       |     1 |       ||     1
 Abil: Fly               |       |     2 |     5 |     2 |     5 |       ||    14
Evoke: Wand              |       |     2 |     4 |       |     5 |     7 ||    18
       Box of beasts     |       |       |       |       |       |     7 ||     7
       Phial of floods   |       |       |       |       |       |     1 ||     1
  Use: Scroll            |     2 |     4 |    15 |    11 |    19 |     3 ||    54
       Potion            |       |       |     2 |     1 |     7 |     5 ||    15
 Stab: Sleeping          |       |       |       |     1 |       |       ||     1
  Eat: Chunk             |     2 |     8 |    20 |    18 |    30 |    11 ||    89
       Royal jelly       |       |       |     1 |       |       |     1 ||     2
       Beef jerky        |       |       |       |     4 |     5 |       ||     9
       Fruit             |       |       |       |       |     2 |       ||     2
       Pizza             |       |       |       |       |     1 |     5 ||     6
       Bread ration      |       |       |       |       |     1 |     1 ||     2
Armor: Leather armour    |    29 |    43 |       |       |       |       ||    72
       Scale mail        |       |    14 |   178 |   178 |   285 |    96 ||   751
       Skin              |       |       |    19 |       |       |       ||    19
Dodge: Dodged            |    90 |   160 |   308 |   498 |  1135 |   509 ||  2700
Block: Other             |       |       |    17 |     3 |       |       ||    20
       Buckler           |       |       |       |   267 |   549 |   260 ||  1076
       Reflection        |       |       |       |     3 |       |       ||     3
